 Dungeon Crawl Stone Soup version 0.22.1-2-g9c5b331383 (webtiles) character file.

2809 Ivernyr the Nimble (level 9, -11/34 HPs)
             Began as a Felid Air Elementalist on Nov 18, 2018.
             Was a Priest of Sif Muna.
             Mangled by a tengu warrior
             ... wielding a +0 great mace
              (16 damage)
             ... on level 9 of the Dungeon on Nov 20, 2018.
             The game lasted 01:38:01 (17363 turns).

Ivernyr the Nimble (Felid Air Elementalist)        Turns: 17363, Time: 01:38:02

Health: -11/34     AC:  2    Str:  4    XL:     9   Next: 44%
Magic:  12/17      EV: 26    Int: 21    God:    Sif Muna [***...]
Gold:   244        SH:  0    Dex: 16    Spells: 3/18 levels left
                                        Lives:  0   Deaths: 3

rFire    . . .     SeeInvis +   (weapon unavailable)
rCold    . . .     Gourm    .   (shield unavailable)
rNeg     . . .     Faith    .   (armour unavailable)
rPois    .         Spirit   .   (helmet unavailable)
rElec    .         Reflect  .   (cloak unavailable)
rCorr    .         Harm     .   (gloves unavailable)
MR       ++...                  (boots unavailable)
Stlth    +++.......             (no amulet)
HPRegen  0.11/turn              w - ring of protection from magic
MPRegen  0.15/turn              (no ring)

@: swift, divine energy, very quick
A: very small, no armour, no weapons or thrown items, stealth, claws 1, fangs 3,
see invisible, carnivore, speed 1, shaggy fur 2, slow metabolism 1, sharp paws
a: Stop Divine Energy, Channel Magic, Renounce Religion


You were on level 9 of the Dungeon.
You worshipped Sif Muna.
Sif Muna was most pleased with you.
You were full.

You visited 2 branches of the dungeon, and saw 11 of its levels.
You also visited: Bailey.

You collected 559 gold pieces.
You spent 315 gold pieces at shops.

Inventory:

Jewellery
 w - a ring of protection from magic (left paw)
 F - an uncursed ring of flight {unknown}
Wands
 i - a wand of iceblast (14)
 o - a wand of digging (9)
 y - a wand of scattershot (5)
 A - a wand of acid (13)
 C - a wand of polymorph (7)
 D - a wand of flame (12)
Scrolls
 g - 6 scrolls of teleportation {unknown}
 h - 7 scrolls of identify {unknown}
 n - 4 scrolls of enchant armour {unknown}
 q - 3 scrolls of blinking {unknown}
 u - 2 scrolls of immolation {unknown}
 v - a scroll of fog {unknown}
 x - a scroll of magic mapping {unknown}
 z - 2 scrolls of remove curse {unknown}
 E - a scroll of noise {unknown}
 G - a scroll of amnesia {unknown}
Potions
 a - 4 potions of might {unknown}
 c - 3 potions of haste {unknown}
 d - a potion of mutation {unknown}
 e - 6 potions of curing
 f - a potion of resistance {unknown}
 j - 6 potions of heal wounds
 k - 5 potions of degeneration {unknown}
 l - 2 potions of flight {unknown}
 m - 6 potions of lignification {unknown}
 p - a potion of cancellation {unknown}
 r - a potion of brilliance {unknown}
 s - 3 potions of agility
 t - 3 potions of invisibility {unknown}
 B - a potion of magic
Comestibles
 b - 26 rations


   Skills:
 + Level 10.5 Dodging
 - Level 2.6 Stealth
 - Level 5.1 Spellcasting
 + Level 7.1 Conjurations
 * Level 10.4 Air Magic
 + Level 5.5 Invocations


You had 3 spell levels left.
You knew the following spells:

 Your Spells              Type           Power        Failure   Level  Hunger
a - Shock                 Conj/Air       ####         1%          1    None
b - Swiftness             Chrm/Air       ####....     1%          2    None
c - Static Discharge      Conj/Air       #####...     1%          3    ##.....
d - Airstrike             Air            #####.....   1%          4    ####...
e - Lightning Bolt        Conj/Air       #####.....   9%          5    #####..

Your spell library contained the following spells:

 Spells                   Type           Power        Failure   Level  Hunger
 Poisonous Vapours        Pois/Air       ####..       1%          2    None
 Sting                    Conj/Pois      ###.         2%          1    None
 Mephitic Cloud           Conj/Pois/Air  ####....     3%          3    ##.....
 Infusion                 Chrm           #...         11%         1    None
 Spider Form              Tmut/Pois      #.........   32%         3    ##.....
 Ring of Flames           Chrm/Fire      #.........   100%        7    #######


Dungeon Overview and Level Annotations

Branches:
Dungeon (10/15)            Temple (1/1) D:6            Lair (0/6) D:9
    Orc (0/2) D:9

Altars:
Ashenzari
Cheibriados
Dithmenos
Elyvilon
Fedhas
Gozag
Hepliaklqana
Kikubaaqudgha
Makhleb
Nemelex Xobeh
Okawaru
Qazlal
Ru
Sif Muna
Trog
Uskayaw
Vehumet
Wu Jian
Xom
Yredelemnul
Zin
The Shining One
Beogh

Shops:
D:6 **   D:8 !   D:9 *!


Innate Abilities, Weirdness & Mutations

You cannot wear armour.
You are incapable of wielding weapons or throwing items.
Your paws allow you to move quietly. (Stealth)
You have sharp claws.
You have razor-sharp teeth.
You have supernaturally acute eyesight. (SInv)
You are carnivorous and can eat meat at any time.
You cover ground quickly.
You are covered in thick fur. (AC +2)
You have a slow metabolism.
Your sharp claws are effective at attacking unaware monsters.


Message History

You see here an arrow.
Casting: Shock (safe; 1% risk of failure)
Confirm with . or Enter, or press ? or * to list all spells.
The centaur zombie is struck by lightning.
You destroy the centaur zombie!
Sif Muna accepts your kill.
The lightning arcs!
You are struck by lightning.
The lightning grounds out.
The tengu warrior hits you with a great mace!
The tengu warrior pecks you. The tengu warrior misses you.
The tengu warrior completely misses you.
The tengu warrior pecks you.
* * * LOW HITPOINT WARNING * * *
The tengu warrior completely misses you.
You climb upwards.
There is a stone staircase leading down here.
Casting: Static Discharge (safe; 1% risk of failure)
Confirm with . or Enter, or press ? or * to list all spells.
You feel quick.
The tengu warrior hits you with a great mace!
You die...

#............P♣P
#..)...
#.............PP
#.....P..P...P..
#.##.[......♣PP.
#.#####P........
####..........P.P..
#.>Q..#......P...P.
#.@..............P.
#.....###.###......
#..)..# #.# #.#≈...
#.....# #.# #.≈≈..≈
#.....# #.# #.#≈...
####.####.# #.....≈
#)#....# #####≈#
#.##.###########
#.##.##≈≈##...8#


You could see a tengu warrior.

Vanquished Creatures
  A centaur warrior (D:10)
  A two-headed ogre (D:8)
  Prince Ribbit (D:5)
  2 hippogriffs (D:9)
  5 yaks (D:9)
  A basilisk (D:9)
  A human (D:9)
  Grum (D:9)
  4 hogs (D:9)
  A hungry ghost (D:9)
  A water moccasin (D:9)
  3 porcupines (D:9)
  2 ice beasts
  2 black bears
  6 orc warriors
  A phantom (D:4)
  2 ogres
  6 wolves (D:9)
  3 crocodiles
  8 bullfrogs
  2 big kobolds
  A scorpion (D:7)
  4 killer bees (D:9)
  2 howler monkeys
  2 electric eels (D:9)
  3 crimson imps
  A centaur zombie (D:10)
  3 bullfrog zombies
  5 hounds
  A jelly (D:10)
  3 quasits
  3 orc priests
  2 bullfrog skeletons
  An iron imp (D:9)
  7 orc wizards
  A centaur skeleton (D:8)
  A gnoll shaman (D:4)
  An iguana (D:2)
  Ijyb (D:3)
  8 worker ants
  A hound zombie (D:9)
  12 adders
  16 gnolls
  A shadow imp (D:5)
  2 oozes (D:1)
  An adder zombie (D:7)
  An adder skeleton (D:4)
  4 worms
  2 dart slugs (D:1)
  6 leopard geckos
  36 orcs
  11 bats
  2 giant cockroaches
  26 goblins
  20 hobgoblins
  12 jackals
  A quokka (D:7)
  3 ball pythons
  9 kobolds
  A quokka skeleton (D:4)
  7 rats
278 creatures vanquished.

Vanquished Creatures (others)
  An orc wizard (D:9)
  A fungus (D:9)
2 creatures vanquished.

Grand Total: 280 creatures vanquished

Notes
Turn   | Place    | Note
-------+----------+-------------------------------------------
     0 | D:1      | Ivernyr the Felid Air Elementalist began the quest for the
                  | Orb.
     0 | D:1      | Reached XP level 1. HP: 7/7 MP: 4/4
    19 | D:1      | Reached skill level 1 in Conjurations
   328 | D:1      | Reached XP level 2. HP: 8/11 MP: 1/6
   427 | D:1      | Learned a level 2 spell: Swiftness
  1119 | D:1      | Reached XP level 3. HP: 14/14 MP: 3/7
  1161 | D:1      | Learned a level 3 spell: Static Discharge
  2076 | D:2      | Reached XP level 4. HP: 13/18 MP: 1/8
  2455 | D:2      | Reached XP level 5. HP: 21/21 MP: 4/10
  3171 | D:3      | Noticed Ijyb
  3230 | D:3      | Killed Ijyb
  3364 | D:3      | Gained mutation: You are covered in thick fur. (AC +2)
                  | [Felid growth]
  3364 | D:3      | Reached XP level 6. HP: 20/24 MP: 0/11
  3996 | D:3      | Found a hide-covered altar of Uskayaw.
  3999 | D:3      | Found an ancient bone altar of Kikubaaqudgha.
  4002 | D:3      | Found an opulent altar of Gozag.
  4921 | D:4      | Reached skill level 5 in Dodging
  4921 | D:4      | Reached skill level 5 in Air Magic
  5007 | D:4      | Learned a level 4 spell: Airstrike
  5034 | D:4      | Reached XP level 7. HP: 27/27 MP: 9/13
  5757 | D:5      | Entered Level 5 of the Dungeon
  6325 | D:5      | Found a bloodstained altar of Trog.
  6680 | D:5      | Noticed Prince Ribbit
  6866 | D:5      | Found a bloodstained altar of Trog.
  6904 | D:5      | Killed Prince Ribbit
  7416 | D:6      | Reached XP level 8. HP: 20/31 MP: 3/15
  7564 | D:6      | Found Kokemiev's Assorted Antiques.
  8486 | D:6      | Found Zuud's Assorted Antiques.
  8497 | D:6      | Found a staircase to the Ecumenical Temple.
  8508 | Temple   | Entered the Ecumenical Temple
  8558 | Temple   | Became a worshipper of Sif Muna the Loreminder
  8791 | D:6      | Found a burning altar of Makhleb.
  9099 | D:7      | Found a flagged portal.
  9106 | Bailey   | Entered a bailey
  9375 | Bailey   | Reached skill level 5 in Spellcasting
  9778 | Bailey   | Reached XP level 9. HP: 34/34 MP: 13/17
  9862 | Bailey   | Reached * piety under Sif Muna
 10149 | Bailey   | Noticed an orc knight
 10395 | D:7      | Found an iron altar of Okawaru.
 10468 | D:7      | Reached skill level 1 in Invocations
 10571 | D:7      | Reached skill level 5 in Conjurations
 11066 | D:8      | Noticed a two-headed ogre
 11815 | D:8      | Killed a two-headed ogre
 11815 | D:8      | Reached ** piety under Sif Muna
 11913 | D:8      | Learned a level 5 spell: Lightning Bolt
 12077 | D:8      | Found Vemnorio's Distillery.
 12080 | D:8      | Bought a potion of curing for 45 gold pieces
 12080 | D:8      | Bought a potion of magic for 120 gold pieces
 12080 | D:8      | Bought 2 potions of heal wounds for 150 gold pieces
 12826 | D:9      | Slain by a basilisk
 12827 | D:9      | Reached XP level 8. HP: 0/31 MP: 10/16
 13120 | D:8      | Reached XP level 9. HP: 24/34 MP: 12/17
 13775 | D:9      | Found Uduassat's Distillery.
 13964 | D:9      | Found a staircase to the Lair.
 14245 | D:9      | Noticed Grum
 14285 | D:9      | Killed Grum
 14655 | D:9      | Found Qerol's Assorted Antiques.
 14676 | D:9      | Reached XP level 10. HP: 37/37 MP: 11/18
 14780 | D:9      | Slain by a yak
 14781 | D:9      | Reached XP level 9. HP: -5/34 MP: 14/17
 14794 | D:9      | Reached *** piety under Sif Muna
 15270 | D:9      | Identified the Catalogue of Boosting Venom
 15386 | D:9      | Reached skill level 10 in Dodging
 15589 | D:9      | Found a staircase to the Orcish Mines.
 15597 | D:9      | Found a roughly hewn altar of Beogh.
 15624 | D:9      | Reached skill level 10 in Air Magic
 15794 | D:9      | Reached skill level 5 in Invocations
 15913 | D:9      | Found a snail-covered altar of Cheibriados.
 16783 | D:10     | Entered Level 10 of the Dungeon
 16789 | D:10     | Noticed a two-headed ogre
 16999 | D:10     | Reached XP level 10. HP: 32/37 MP: 5/18
 17240 | D:10     | Noticed a centaur warrior
 17260 | D:10     | HP: 1/37 [centaur warrior/uncursed club (11)]
 17262 | D:10     | Killed from afar by themself
 17263 | D:10     | Reached XP level 9. HP: -1/34 MP: 2/17
 17268 | D:10     | Killed a centaur warrior
 17304 | D:10     | Noticed a tengu warrior
 17363 | D:9      | Mangled by a tengu warrior

Skill      XL: |  1  2  3  4  5  6  7  8  9 |
---------------+----------------------------+-----
Conjurations   | 1 2 3 4 7 |  7.1
Dodging        | 3 4 5 6 7 10 | 10.5
Air Magic      | 3 4 5 6 7 10 | 10.4
Spellcasting   | 3 4 5 |  5.1
Invocations    | 5 |  5.5
Stealth        | |  2.6

Action                   |  1- 3 |  4- 6 |  7- 9 | 10-12 || total
-------------------------+-------+-------+-------+-------++-------
Melee: Unarmed           |    31 |    18 |     3 |     1 ||    53
       Bite              |     1 |     2 |       |       ||     3
 Cast: Shock             |    81 |   129 |   591 |    28 ||   829
       Static Discharge  |     1 |    11 |    57 |     7 ||    76
       Airstrike         |       |       |    11 |       ||    11
       Swiftness         |       |       |     2 |       ||     2
Invok: Divine Energy     |       |       |     1 |       ||     1
 Stab: Sleeping          |     1 |     1 |       |       ||     2
  Eat: Chunk             |     7 |    10 |    37 |       ||    54
Armor: Skin              |     8 |     1 |     4 |     1 ||    14
Dodge: Dodged            |    51 |    49 |   241 |    25 ||   366
